cohdb
Replays
Latest Replays
All Replays
Popular Replays
Top Player Replays
Match Explorer
How It Works
Community
CoH3 Stats
Reddit
Sign in to upload your games and track your stats! →
Sign in with Steam
Match 41758271
Unlisted
Match 41758271
Overview
Messages
Build Orders
End
Construct Section Command Post
Dingo Light Scout Car
Infantry Section
Infantry Section
ML 3-inch Mortar Team
Infantry Section
Construct Field Infirmary
Construct Platoon Command Post
Selects Indian Artillery Battlegroup
Selects War Cry
Selects Gurkha Rifles Section
Grenade Package
Gurkha Rifles Section
Selects Towed ML 4.2-inch Heavy Mortar
Unlock M3 Stuart Light Tanks
M3 Stuart Light Tank
Selects Off-map Airburst Barrage
Off-map Airburst Barrage
Royal Engineer Section
Construct Company Command Post
Off-map Airburst Barrage
Selects Perimeter Monitor
6-pounder Anti-tank Gun Team
Crusader II Medium Tank
諾爾斯
kenleung
zugru90
Insomnia
BigBoss
Dutnik
sumikadaisuki
oskyks1
0
0
Comments
sign in to comment!
No comments posted yet!